 Dungeon Crawl Stone Soup version 0.29.0-4-gdea44cf6ec (webtiles) character file.

Game seed: 7191249742330541833

39 qw the Chopper (level 3, -6/21 HPs)
             Began as a Tengu Warper on Aug 28, 2022.
             Mangled by Sigmund
             ... wielding a +0 scythe
              (9 damage)
             ... on level 2 of the Dungeon.
             The game lasted 00:00:09 (1355 turns).

qw the Chopper (Tengu Warper)                       Turns: 1355, Time: 00:00:09

Health: -6/21      AC:  4    Str: 13    XL:     3   Next: 45%
Magic:  7/7        EV: 12    Int: 13    God:
Gold:   50         SH:  0    Dex: 13    Spells: 6/6 levels left

rFire   . . .      SeeInvis .   Y - +0 hand axe
rCold   . . .      Faith    .   (no shield)
rNeg    . . .      Spirit   .   b - +0 leather armour
rPois   .          Reflect  .   (helmet restricted)
rElec   .          Harm     .   (no cloak)
rCorr   .          Rampage  .   g - +0 pair of gloves
Will    .....                   (boots unavailable)
Stlth   +.........              k - amulet of the acrobat
HPRegen 0.07/turn               (no ring)
MPRegen 0.10/turn               (no ring)

@: no status effects
A: beak, talons 3
a: no special abilities


You were on level 2 of the Dungeon.
You visited 1 branch of the dungeon, and saw 2 of its levels.

You collected 50 gold pieces.


Innate Abilities, Weirdness & Mutations

You have a beak for a mouth.
You have claws for feet.


   Skills:
 - Level 2.0 Fighting
 + Level 4.1 Axes
 - Level 1.0 Throwing
 - Level 1.1 Armour
 - Level 2.1 Dodging
 - Level 2.0 Spellcasting
 - Level 2.4 Translocations


You had 6 spell levels left.
You didn't know any spells.
Your spell library contained the following spells:

 Spells                   Type           Power      Damage    Failure   Level
 Blink                    Tloc           14%        N/A       19%         2
 Gell's Gravitas          Tloc           7%         N/A       36%         3
 Lesser Beckoning         Tloc           7%         N/A       36%         3
 Teleport Other           Tloc           7%         N/A       36%         3
 Manifold Assault         Tloc           7%         N/A       98%         5

Inventory:

Hand Weapons
 d - a +1 whip of flaming
 Y - a +0 hand axe (weapon)
Armour
 b - a +0 leather armour (worn)
 g - a +0 pair of gloves (worn)
Jewellery
 k - an amulet of the acrobat (around neck)
Scrolls
 a - a scroll of identify
Potions
 i - a potion of might

Dungeon Overview and Level Annotations

Branches:
Dungeon (2/15)

Altars:

Shops:
D:1 *

Annotations:
D:2 Sigmund


Message History

You slash the rat!
You kill the rat!
A dart slug comes into view.
You see here a rat corpse.
The dart slug launches a dart at you. The slug dart misses you.
You hit the dart slug. You claw the dart slug.
You kill the dart slug!
Sigmund the Dreaded comes into view.
He is wielding a +0 scythe.
Sigmund shouts!
Sigmund points at you and mumbles some strange words.
You are confused.
You bump into the rock wall.
You bump into the rock wall.
Sigmund points at you and mumbles some strange words.
You resist with significant effort. Sigmund completely misses you.
You bump into the rock wall.
Sigmund hits you from afar with a +0 scythe.
You feel less confused. Sigmund misses you.
You hit Sigmund.
Sigmund is lightly wounded.
Sigmund closely misses you.
You closely miss Sigmund. Your kick misses Sigmund.
Sigmund is lightly wounded.
Sigmund hits you with a +0 scythe.
You hit Sigmund. Your peck misses Sigmund.
Sigmund is lightly wounded.
You hit Sigmund. You peck Sigmund, but do no damage.
Sigmund is moderately wounded.
Sigmund hits you with a +0 scythe.
You closely miss Sigmund.
Sigmund is moderately wounded.
Sigmund hits you with a +0 scythe.
You barely miss Sigmund. You claw Sigmund, but do no damage.
You peck Sigmund, but do no damage.
Sigmund is lightly wounded.
Sigmund hits you with a +0 scythe!
You die...

#......# # #.####.#
#.#.# #.# #.#.# #.#
#...####.#
##..%..#.###
#..........#
#..........##########
#............@@......
#........###.########
#######....#.#
####.#.# ...# ###


You could see Sigmund.

Vanquished Creatures
  A dart slug (D:2)
  4 bats
  4 endoplasms (D:1)
  2 goblins (D:1)
  5 hobgoblins (D:1)
  2 jackals (D:1)
  4 kobolds (D:1)
  2 quokkas (D:1)
  A ball python (D:1)
  2 frilled lizards
  7 rats
34 creatures vanquished.

Vanquished Creatures (others)
  A fungus (D:1)
  22 plants (D:1)
23 creatures vanquished.

Grand Total: 57 creatures vanquished

Notes
Turn   | Place    | Note
-------+----------+-------------------------------------------
     0 | D:1      | qw the Tengu Warper began the quest for the Orb.
     0 | D:1      | Reached XP level 1. HP: 12/12 MP: 4/4
     0 | D:1      | 0 ||| qw: Version: 0.1-a-89-g26bdef1
     0 | D:1      | 0 ||| qw: Game counter: 2244
     0 | D:1      | 0 ||| qw: Always use a shield: true
     0 | D:1      | 0 ||| qw: God list: Okawaru
     0 | D:1      | 0 ||| qw: Allow faded altars: false
     0 | D:1      | 0 ||| qw: Do Orc after D:15 true
     0 | D:1      | 0 ||| qw: Do second Lair branch before Depths: true
     0 | D:1      | 0 ||| qw: Lair rune preference: random
     0 | D:1      | 0 ||| qw: Plans: Normal
     0 | D:1      | 0 ||| PLANNING D:1-11
     6 | D:1      | 6 ||| Stepping ~*~*~tactically~*~*~ (stealth).
    10 | D:1      | 10 ||| Stepping ~*~*~tactically~*~*~ (stealth).
    14 | D:1      | 14 ||| Stepping ~*~*~tactically~*~*~ (stealth).
    39 | D:1      | 39 ||| Stepping ~*~*~tactically~*~*~ (stealth).
    42 | D:1      | 42 ||| Stepping ~*~*~tactically~*~*~ (stealth).
    98 | D:1      | Reached skill level 3 in Axes
    98 | D:1      | Reached XP level 2. HP: 12/17 MP: 6/6
   184 | D:1      | Found Akiheloj's General Store.
   200 | D:1      | 200 ||| SHOPLISTING +0 cloak (45 gold, have 0).
   200 | D:1      | 200 ||| SHOPLISTING potion of haste (100 gold, have 0).
   200 | D:1      | 200 ||| SHOPLISTING scroll of enchant weapon (75 gold, have
                  | 0).
   200 | D:1      | 200 ||| SHOPLISTING scroll of teleportation (30 gold, have
                  | 0).
   388 | D:1      | Found a faded altar of an unknown god.
   621 | D:1      | 621 ||| Stepping ~*~*~tactically~*~*~ (stealth).
   633 | D:1      | Reached XP level 3. HP: 15/21 MP: 7/7
   637 | D:1      | 637 ||| Stepping ~*~*~tactically~*~*~ (stealth).
  1103 | D:1      | Reached skill level 4 in Axes
  1132 | D:1      | 1132 ||| UPGRADING to +0 pair of gloves.
  1137 | D:1      | 1137 ||| UPGRADING to amulet of the acrobat.
  1142 | D:1      | 1142 ||| READING 4 scrolls labelled RIENEQ CIHICO.
  1143 | D:1      | 1143 ||| READING scroll labelled KAPULU ZYENAJ.
  1270 | D:1      | 1270 ||| READING scroll labelled HUIGRU WAFRU.
  1273 | D:1      | 1273 ||| READING 3 scrolls of identify.
  1273 | D:1      | 1273 ||| IDENTIFYING sedimented black potion
  1274 | D:1      | 1274 ||| READING 2 scrolls of identify.
  1274 | D:1      | 1274 ||| IDENTIFYING bubbling sapphire potion
  1275 | D:1      | 1275 ||| DROPPING scroll of blinking.
  1276 | D:1      | 1276 ||| DROPPING potion of lignification.
  1341 | D:2      | Noticed Sigmund
  1354 | D:2      | HP: 3/21 [Sigmund/+0 scythe (6)]
  1355 | D:2      | Mangled by Sigmund

Levels and vault maps discovered:
D:1:      wander_arrival_lonely_grave, layout_rooms, serial_shops,
          nicolae_shop_stone, shapermc_ecumenical_altar_rom_forum,
          serial_bayou_lagoon_a
D:2:      layout_basic, serial_shops, shop, minmay_hedge_maze, uniq_sigmund

Skill      XL: |  1  2  3 |
---------------+----------+-----
Axes           | 3 4 |  4.1
Fighting       | |  2.0
Throwing       | |  1.0
Armour         | |  1.1
Dodging        | |  2.1
Spellcasting   | |  2.0
Translocations | |  2.4

Action                   || total
-------------------------++-------
Melee: Hand axe          ||    74
       Kick              ||    25
       Peck              ||    10
Throw: Boomerang         ||     7
  Use: Scroll            ||     5
Armor: Leather armour    ||     5
Dodge: Dodged            ||    49

Table legend:
 A = Non-vault XP
 B = Vault XP
 C = Vault XP percentage of total XP
 D = Non-vault monster count
 E = Vault monster count
 F = Vault count percentage of total count
                 A         B        C        D         E       F
            +---------+---------+-------+---------+---------+-------
      Total |      56 |       0 |   0.0 |      34 |       0 |   0.0
            +---------+---------+-------+---------+---------+-------
        D:1 |      49 |       0 |   0.0 |      30 |       0 |   0.0
        D:2 |       7 |       0 |   0.0 |       4 |       0 |   0.0
            +---------+---------+-------+---------+---------+-------
